 Dungeon Crawl Stone Soup version 0.20.0-10-g0535bb4 (webtiles) character file.

7184 raph the Spear-Bearer (level 11, -2/130 HPs)
             Began as a Merfolk Gladiator on June 3, 2017.
             Was an Elder of Trog.
             Slain by an ettin
             ... wielding a +2 dire flail of protection
              (39 damage)
             ... on level 9 of the Dungeon.
             The game lasted 00:20:16 (9589 turns).

raph the Spear-Bearer (Merfolk Gladiator)           Turns: 9589, Time: 00:20:17

Health: -2/130     AC:  6    Str: 21    XL:     11   Next: 11%
Magic:  11/11      EV: 20    Int:  9    God:    Trog [****..]
Gold:   456        SH:  6    Dex: 18    Spells: 10/10 levels left

rFire    . . .     SeeInvis .   a - +5 trident
rCold    . . .     Gourm    +   m - +0 buckler
rNeg     . . .     Faith    .   O - +0 troll leather armour
rPois    .         Spirit   .   c - +0 helmet
rElec    .         Reflect  .   (no cloak)
rCorr    .         Harm     .   (no gloves)
MR       +....                  y - +0 pair of boots
Stlth    ..........             B - amulet of the gourmand (curse)
Regen    0.8/turn               k - ring of protection from magic
MPRegen  0.2/turn               H - +2 ring of strength

@: berserking, very quick
A: change form in water, swift swim, stealthy swim
a: Berserk, Trog's Hand, Brothers in Arms, Burn Spellbooks, Renounce Religion


You were on level 9 of the Dungeon.
You worshipped Trog.
Trog was greatly pleased with you.
You were not hungry.

You visited 1 branch of the dungeon, and saw 9 of its levels.

You collected 456 gold pieces.

Inventory:

Hand Weapons
 a - a +5 trident (weapon)
Missiles
 d - 2 throwing nets
 j - 13 javelins (quivered)
 L - 6 javelins of penetration
Armour
 b - a +0 leather armour
 c - a +0 helmet (worn)
 g - a +1 ring mail of fire resistance
 m - a +0 buckler (worn)
 w - a +2 chain mail of cold resistance
 y - a +0 pair of boots (worn)
 z - a +2 leather armour of fire resistance
 O - a +0 troll leather armour (worn)
Jewellery
 k - a ring of protection from magic (left hand)
 v - an uncursed ring of resist corrosion
 x - an uncursed amulet of guardian spirit
 B - a cursed amulet of the gourmand (around neck)
 H - a +2 ring of strength (right hand)
 N - an uncursed amulet of regeneration {unknown}
Wands
 h - a wand of paralysis (13/24)
 C - a wand of iceblast (15/15)
 E - a wand of disintegration (13/24)
 I - a wand of flame (34/48)
 J - a wand of confusion (26/48)
 K - a wand of confusion (31/48)
Scrolls
 A - 2 scrolls of teleportation
 M - a scroll of fog
Potions
 e - 2 potions of berserk rage
 i - 9 potions of flight
 l - 5 potions of ambrosia
 n - 2 potions of brilliance
 o - 4 potions of curing
 q - 4 potions of haste
 r - 4 potions of heal wounds
 t - 2 potions of magic
 D - a potion of lignification {unknown}
 F - a potion of cancellation {unknown}
Books
 p - a Young Poisoner's Handbook

   Spells                             Type                      Level
   a - Sting                          Conjuration/Poison           1
   b - Poisonous Vapours              Poison/Air                   2
   c - Mephitic Cloud                 Conjuration/Poison/Air       3
   d - Olgreb's Toxic Radiance        Poison                       4
   e - Venom Bolt                     Conjuration/Poison           5
   Trog disapproves of the use of such an item.
 G - a book of Conjurations

   Spells                             Type                      Level
   a - Magic Dart                     Conjuration                  1
   b - Searing Ray                    Conjuration                  2
   c - Dazzling Spray                 Conjuration/Hexes            3
   d - Fulminant Prism                Conjuration/Hexes            4
   e - Force Lance                    Conjuration/Translocation    4
   f - Iskenderun's Mystic Blast      Conjuration                  4
   Trog disapproves of the use of such an item.
Comestibles
 f - 7 bread rations
 s - 27 fruits
 u - 2 royal jellies
 P - 2 chunks of flesh


   Skills:
 + Level 8.3 Fighting
 * Level 14.8 Polearms
 - Level 4.2 Throwing
 + Level 10.2 Dodging
 + Level 6.9 Shields


You had 10 spell levels left.
You didn't know any spells.

Dungeon Overview and Level Annotations

Branches:
Dungeon (9/15)             Temple (0/1) D:7
   Lair: D:8-11         Orc: D:9-12

Altars:
Ashenzari
Dithmenos
Elyvilon
Kikubaaqudgha
Nemelex Xobeh
Trog
Vehumet
Xom


Message History

The ettin is moderately wounded.
You puncture the ettin!
The ettin is heavily wounded.
The ettin closely misses you. The ettin hits you with a dire flail!
* * * LOW HITPOINT WARNING * * *
You puncture the ettin!
The ettin is almost dead.
You hit the ettin but do no damage.
The ettin is almost dead.
You hit the ettin but do no damage.
The ettin is almost dead.
The ettin closely misses you. The ettin barely misses you.
You hit the ettin.
The ettin is almost dead.
You hit the ettin but do no damage.
The ettin is almost dead.
You hit the ettin but do no damage.
The ettin is almost dead.
The ettin hits you with a dire flail of protection!!!
You die...

#.......# #.######....
####.#### #.# ## #.# ##.##
#.###########...####
#.##...............########
#...............##....)....
#...##########.###>########
#...#..#..#..#.# #.#
#.#.#..'.)@..#.# #.#
#.#.##'####C##.###.##
#..)#..# c.#......# #
###.#..# ..#.###.)# #.
#.##†#######.# #..# #.
#.#..'..'..#.###..# ##.
#.#..#..#..'......#####..
#.##########............#
#........................


You could see an ettin and a centaur warrior.

Vanquished Creatures
  A centaur warrior (D:8)
  A deep troll earth mage (D:9)
  The ghost of PeterLawrence the Basher, a novice MiFi of Okawaru (D:8)
  The ghost of MirrMurr the Cruncher, a novice DsGl of Okawaru (D:7)
  A gargoyle (D:6)
  2 hippogriffs
  Eustachio (D:5)
  A hungry ghost (D:7)
  Menkaure (D:6)
  Edmund (D:4)
  Duvessa (D:5)
  2 orc warriors
  A sky beast (D:8)
  A black bear (D:9)
  4 ogres
  3 centaurs
  2 crocodiles
  3 big kobolds
  3 bullfrogs
  A water moccasin zombie (D:6)
  Dowan (D:5)
  A scorpion (D:8)
  3 vampire bats (D:9)
  2 howler monkeys
  2 crimson imps
  A bullfrog zombie (D:8)
  A centaur zombie (D:4)
  4 hounds
  2 jellies
  A centaur skeleton (D:4)
  3 orc priests (D:8)
  2 bullfrog skeletons
  8 worker ants
  2 iguanas (D:6)
  7 orc wizards
  4 hound skeletons
  2 worker ant zombies
  2 howler monkey zombies
  3 gnolls (D:6)
  8 adders
  4 howler monkey skeletons
  A shadow imp (D:7)
  2 adder zombies
  2 adder skeletons
  A worm (D:2)
  7 leopard geckos
  25 orcs
  A bat skeleton (D:9)
  4 bat zombies (D:9)
  5 giant cockroaches
  10 goblins
  6 hobgoblins
  7 jackals
  18 kobolds
  3 quokkas
  3 ball pythons
  A ball python zombie (D:3)
  5 bats
  4 frilled lizards
  3 jackal skeletons (D:3)
  A leopard gecko zombie (D:7)
  2 quokka skeletons
  A quokka zombie (D:3)
  8 rats
215 creatures vanquished.

Vanquished Creatures (collateral kills)
  A two-headed ogre (D:8)
  A worker ant (D:8)
  An orc (D:8)
3 creatures vanquished.

Grand Total: 218 creatures vanquished

Notes
Turn   | Place    | Note
-------+----------+-------------------------------------------
     0 | D:1      | raph the Merfolk Gladiator began the quest for the Orb.
     0 | D:1      | Reached XP level 1. HP: 16/16 MP: 1/1
   414 | D:1      | Reached XP level 2. HP: 21/22 MP: 2/2
   419 | D:1      | Reached skill level 5 in Polearms
  1092 | D:2      | Reached XP level 3. HP: 25/28 MP: 3/3
  1606 | D:2      | Found a faded altar of an unknown god.
  1622 | D:2      | Became a worshipper of Trog the Wrathful
  1622 | D:2      | Reached * piety under Trog
  1798 | D:2      | Found a shimmering altar of Xom.
  1800 | D:2      | Found a shattered altar of Ashenzari.
  2245 | D:3      | Reached XP level 4. HP: 27/34 MP: 4/4
  2255 | D:3      | Found a radiant altar of Vehumet.
  2409 | D:3      | Reached skill level 6 in Polearms
  2417 | D:3      | Reached ** piety under Trog
  2592 | D:3      | Found a shadowy altar of Dithmenos.
  3129 | D:3      | Reached XP level 5. HP: 39/40 MP: 5/5
  3496 | D:4      | Reached skill level 7 in Polearms
  3623 | D:4      | Reached XP level 6. HP: 46/47 MP: 4/6
  3703 | D:4      | Reached skill level 5 in Dodging
  3748 | D:4      | You fall through a shaft for 2 floors!
  3825 | D:6      | Noticed Menkaure
  3830 | D:6      | Killed Menkaure
  3830 | D:6      | Reached skill level 1 in Shields
  4010 | D:6      | Found a white marble altar of Elyvilon.
  4314 | D:6      | Noticed a gargoyle
  4329 | D:6      | Killed a gargoyle
  4329 | D:6      | Reached skill level 8 in Polearms
  4329 | D:6      | Reached XP level 7. HP: 8/54 MP: 1/7
  4485 | D:6      | Reached *** piety under Trog
  4735 | D:5      | Entered Level 5 of the Dungeon
  4870 | D:4      | Reached skill level 9 in Polearms
  4870 | D:4      | Reached XP level 8. HP: 56/61 MP: 6/8
  4881 | D:4      | Noticed Edmund
  4890 | D:4      | Killed Edmund
  5488 | D:4      | Reached skill level 5 in Fighting
  5613 | D:5      | Noticed Dowan
  5614 | D:5      | Noticed Duvessa
  5628 | D:5      | Killed Duvessa
  5628 | D:5      | Reached skill level 10 in Polearms
  5632 | D:5      | Killed Dowan
  6025 | D:5      | Noticed Eustachio
  6048 | D:5      | Killed Eustachio
  6577 | D:6      | Reached XP level 9. HP: 55/69 MP: 6/9
  6633 | D:6      | Reached skill level 11 in Polearms
  7294 | D:7      | Noticed MirrMurr's ghost (novice DsGl)
  7295 | D:7      | Found a staircase to the Ecumenical Temple.
  7314 | D:7      | Killed MirrMurr's ghost
  7314 | D:7      | Reached skill level 12 in Polearms
  7314 | D:7      | Reached skill level 5 in Shields
  7748 | D:7      | Found a sparkling altar of Nemelex Xobeh.
  7948 | D:8      | Received a gift from Trog
  7963 | D:8      | Reached XP level 10. HP: 76/77 MP: 10/10
  8037 | D:8      | Reached skill level 13 in Polearms
  8040 | D:8      | Noticed a two-headed ogre
  8042 | D:8      | Reached **** piety under Trog
  8051 | D:8      | HP: 2/77 [two-headed ogre/giant spiked club (22)]
  8055 | D:8      | Killed a two-headed ogre
  8658 | D:8      | Noticed PeterLawrence's ghost (novice MiFi)
  8698 | D:8      | Killed PeterLawrence's ghost
  8752 | D:8      | Noticed a centaur warrior
  8767 | D:8      | Killed a centaur warrior
  8767 | D:8      | Reached skill level 14 in Polearms
  8852 | D:8      | Received a gift from Trog
  9375 | D:9      | Found an ancient bone altar of Kikubaaqudgha.
  9512 | D:9      | Found a runed door.
  9516 | D:9      | Noticed a deep troll earth mage
  9526 | D:9      | Killed a deep troll earth mage
  9526 | D:9      | Reached skill level 10 in Dodging
  9526 | D:9      | Reached XP level 11. HP: 86/86 MP: 11/11
  9572 | D:9      | Noticed an ettin
  9572 | D:9      | Noticed a centaur warrior
  9589 | D:9      | Slain by an ettin

Skill      XL: |  1  2  3  4  5  6  7  8  9 10 |
---------------+-------------------------------+-----
Polearms       | 5 6 7 8 9 10 12 14 | 14.8
Fighting       | 3 4 5 6 8 |  8.3
Throwing       | 3 4 |  4.2
Dodging        | 5 7 8 10 | 10.2
Shields        | 2 3 5 6 |  6.9

Action                   |  1- 3 |  4- 6 |  7- 9 | 10-12 || total
-------------------------+-------+-------+-------+-------++-------
Melee: Trident           |   147 |   202 |   312 |   250 ||   911
       Tailslap          |     1 |       |       |       ||     1
Throw: Javelin           |       |       |     5 |     2 ||     7
       Throwing net      |       |       |     1 |       ||     1
Invok: Berserk           |       |     6 |    11 |     7 ||    24
       Trog's Hand       |       |       |     1 |     2 ||     3
       Brothers in Arms  |       |       |       |     2 ||     2
  Use: Scroll            |    10 |     5 |     4 |     4 ||    23
       Potion            |       |       |       |     1 ||     1
 Stab: Sleeping          |     2 |       |       |     5 ||     7
  Eat: Chunk             |     4 |    11 |    14 |    12 ||    41
       Meat ration       |       |       |     2 |     1 ||     3
Armor: Leather armour    |    14 |       |    35 |    25 ||    74
       Ring mail         |    16 |    54 |    14 |       ||    84
       Troll leather arm |       |       |       |     1 ||     1
Dodge: Dodged            |    99 |   128 |   145 |   130 ||   502
Block: Buckler           |       |     6 |    53 |    46 ||   105
